AoeStats
← Random

Lombardia

507817269Analyzed
4v4 RM · 13d ago on Sep 19, 2026· 47m 32s· 8 players
Game mode
Random Map
Map size
Large (8 player)
Population
200
Speed
Normal
Resources
Standard
Victory
Conquest
Starting age
Dark Age
Ending age
Imperial Age
RankedLock teamsTeams togetherTeam positionsShared explorationLock speedFull tech treeHidden civsTurbo modeCheats
Victory
Defeat
🇮🇳 Mongols · India
1653
+15
🇹🇷 Teutons · Türkiye
1614
+17
🇻🇳 Magyars · Vietnam
1590
+18
🇨🇳 Spanish · China
1528
+19
🇩🇪 Japanese · Germany
1645
-18
🇧🇷 Turks · Brazil
1627
-17
🇺🇸 Saracens · United States
1620
-17
🇺🇸 Ethiopians · United States
1611
-17
AVCI
6:00 Loom
8:47 Feudal Age
9:26 Double-Bit Axe
17:34 Fletching
19:49 Horse Collar
22:11 Wheelbarrow
26:59 Castle Age
27:57 Bodkin Arrow
31:34 Imperial Age
29:23 Scale Mail Armor
30:32 Chain Mail Armor
36:03 Town Watch
36:29 Bow Saw
41:03 Scale Barding Armor
41:00 Cavalier
42:21 Bloodlines
42:50 Chain Barding Armor
43:41 Forging
44:36 Plate Barding Armor
45:51 Iron Casting
45:35 Hand Cart
46:21 Two-Man Saw
45:23 Heavy Plow
47:08 Conscription
47:19 Caravan
49:11 Blast Furnace
wackadoodle
6:17 Loom
8:40 Feudal Age
9:43 Double-Bit Axe
9:39 Horse Collar
22:56 Wheelbarrow
28:55 Fletching
34:11 Castle Age
36:28 Bow Saw
38:04 Town Watch
41:35 Fortified Wall
44:05 Hand Cart
49:30 Imperial Age
47:58 Gold Mining
48:04 Bodkin Arrow
This is Kawaii
7:13 Loom
11:37 Feudal Age
15:30 Castle Age
14:06 Double-Bit Axe
14:42 Scale Barding Armor
14:41 Horse Collar
16:22 Bow Saw
20:22 Husbandry
20:32 Bloodlines
22:47 Bloodlines
33:13 Wheelbarrow
34:36 Heavy Plow
38:36 Imperial Age
36:44 Corvinian Army
37:22 Chain Barding Armor
37:59 Hand Cart
40:16 Plate Barding Armor
39:42 Elite Magyar Huszar
40:46 Conscription
喜足天
9:12 Loom
11:34 Feudal Age
15:29 Castle Age
13:57 Double-Bit Axe
14:36 Horse Collar
15:34 Gold Mining
18:26 Wheelbarrow
21:38 Padded Archer Armor
21:28 Fletching
21:52 Fletching
22:42 Bodkin Arrow
23:06 Padded Archer Armor
25:53 Leather Archer Armor
27:31 Devotion
28:30 Bow Saw
28:22 Husbandry
32:00 Hand Cart
32:45 Bloodlines
35:42 Scale Barding Armor
35:47 Forging
38:10 Imperial Age
35:05 Light Cavalry
36:23 Town Watch
37:00 Chain Barding Armor
38:19 Iron Casting
39:45 Plate Barding Armor
39:25 Guilds
38:53 Cavalier
40:23 Heavy Plow
41:33 Blast Furnace
42:07 Stone Mining
43:28 Two-Man Saw
44:31 Capped Ram
DaKrankVieh
4:39 Loom
9:26 Feudal Age
9:27 Man-at-Arms
9:58 Double-Bit Axe
14:18 Scale Mail Armor
15:19 Arson
18:10 Forging
23:09 Castle Age
23:10 Long Swordsman
24:07 Chain Mail Armor
24:36 Squires
24:22 Gambesons
26:17 Iron Casting
29:33 Bow Saw
33:01 Fletching
40:21 Horse Collar
43:02 Gold Mining
44:34 Pikeman
47:47 Imperial Age
optimal_brain_damage
11:19 Feudal Age
11:44 Feudal Age
12:45 Double-Bit Axe
13:11 Horse Collar
15:46 Castle Age
14:03 Gold Mining
14:27 Loom
14:49 Fletching
15:52 Crossbowman
16:38 Bodkin Arrow
18:03 Town Watch
24:31 Wheelbarrow
27:45 Ballistics
32:17 Thumb Ring
34:57 Heavy Plow
37:33 Imperial Age
37:18 Hand Cart
37:29 Bow Saw
37:19 Heavy Plow
37:56 Gold Shaft Mining
37:29 Stone Mining
37:35 Arbalester
38:16 Bracer
39:47 Chemistry
40:39 Two-Man Saw
41:23 Scale Mail Armor
41:33 Forging
41:26 Squires
42:18 Halberdier
43:14 Chain Mail Armor
43:34 Iron Casting
44:15 Iron Casting
46:07 Plate Mail Armor
46:56 Blast Furnace
46:38 Siege Engineers
Random
6:48 Loom
7:37 Loom
10:04 Feudal Age
11:09 Double-Bit Axe
11:05 Horse Collar
11:19 Town Watch
19:48 Castle Age
22:01 Sanctity
28:21 Bow Saw
29:11 Fervor
36:13 Wheelbarrow
37:47 Heavy Plow
37:38 Gold Mining
41:51 Imperial Age
42:59 Conscription
44:14 Hand Cart
45:01 Two-Man Saw
44:37 Gold Shaft Mining
44:16 Masonry
44:02 Elite Mameluke
44:56 Bimaristan
45:36 Hoardings
45:02 Padded Archer Armor
45:20 Caravan
47:17 Leather Archer Armor
Dakar1
5:50 Loom
8:33 Feudal Age
21:25 Castle Age
20:59 Forging
30:00 Imperial Age
38:49 Double-Bit Axe
38:57 Horse Collar
39:59 Bow Saw
43:11 Wheelbarrow
45:32 Coinage
45:03 Caravan
45:45 Hand Cart
46:08 Heavy Plow
47:10 Two-Man Saw
45:57 Heavy Camel Rider
Connection lost

Rejoining the realm…

Still unreachable

The connection could not be restored.

Session expired

The server has moved on; the page needs a fresh start.